 Dungeon Crawl Stone Soup version 0.30-a0-728-gc68057be0a (webtiles) character file.

Game seed: 4125214219550348051

11045 Pooter the Cleaver (level 11, -2/151 HPs)
             Began as a Minotaur Berserker on Jan 29, 2023.
             Was an Elder of Trog.
             Slain by a wolf (3 damage)
             ... on level 1 of the Lair of Beasts on Jan 30, 2023.
             The game lasted 00:59:10 (10050 turns).

Pooter the Cleaver (Minotaur Berserker)            Turns: 10050, Time: 00:59:11

Health: -2/151     AC: 14    Str: 26    XL:     11   Next: 44%
Magic:  10/10      EV:  8    Int:  4    God:    Trog [****..]
Gold:   232        SH:  5    Dex: 10    Spells: 10/10 levels left

rFire   + . .      SeeInvis .    W - +2 flail (heavy)
rCold   + . .      Faith    .    (no shield)
rNeg    . . .      Spirit   .    q - +1 plate armour
rPois   +          Reflect  +    (helmet restricted)
rElec   +          Harm     .    H - scarf {repulsion}
rCorr   .          Rampage  .    (no gloves)
Will    +....                    (no boots) Stlth
                                 U - amulet of reflection
HPRegen 0.45/turn                I - ring of protection from cold
MPRegen 0.12/turn                F - ring "Setaan Harch" {rElec rPois rF+ Will+}

@: berserking, repel missiles, very quick
A: horns 2, retaliatory headbutt
a: Renounce Religion, Berserk, Trog's Hand, Brothers in Arms


You were on level 1 of the Lair of Beasts.
You worshipped Trog.
Trog was greatly pleased with you.
You visited 2 branches of the dungeon, and saw 11 of its levels.
You also visited: Ossuary.

You collected 495 gold pieces.
You spent 263 gold pieces at shops.

Inventory:

Hand Weapons
 a - a +3 vampiric battleaxe
   (You acquired it on level 8 of the Dungeon)
 b - a +0 shortbow
   (You took it off a centaur on level 7 of the Dungeon)
 n - the +6 whip of the Thirsty Visions {freeze, rC+}
   (You found it on level 9 of the Dungeon)

   rC:        It protects you from cold.
 y - a +0 trident
   (You took it off an orc on level 5 of the Dungeon)
 P - a +0 sling
   (You took it off a goblin on level 3 of the Dungeon)
 W - a +2 heavy flail (weapon)
   (You took it off an orc on level 8 of the Dungeon)
 Y - a +4 halberd
   (You took it off a wight on level 8 of the Dungeon)
Missiles
 A - 2 silver boomerangs
 B - 4 boomerangs (quivered)
 E - 6 javelins
 G - 6 throwing nets {!f}
 J - 5 datura-tipped darts
 Q - 8 stones
 S - 29 poisoned darts
Armour
 q - a +1 plate armour (worn)
   (You found it on level 4 of the Dungeon)
 H - a scarf of repulsion (worn)
   (You found it on level 6 of the Dungeon)
Jewellery
 C - a ring of resist corrosion
   (You found it on level 6 of the Dungeon)
 F - the ring "Setaan Harch" (right hand) {rElec rPois rF+ Will+}
   (You acquired it on level 6 of the Dungeon)

   [ring of willpower]

   rF:        It protects you from fire.
   rElec:     It insulates you from electricity.
   rPois:     It protects you from poison.
   Will:      It increases your willpower.
 I - a ring of protection from cold (left hand)
   (You found it on level 6 of the Dungeon)
 U - an amulet of reflection (around neck)
   (You took it off an orc on level 8 of the Dungeon)
Wands
 e - a wand of mindburst (5)
   (You found it on level 4 of the Dungeon)
 f - a wand of flame (33)
   (You found it on level 7 of the Dungeon)
 u - a wand of charming (25)
   (You found it on level 4 of the Dungeon)
 D - a wand of digging (1)
   (You found it on level 4 of the Dungeon)
 R - a wand of polymorph (2)
   (You took it off Sigmund on level 6 of the Dungeon)
Scrolls
 c - 2 scrolls of immolation {!r}
 j - 2 scrolls of noise {!r}
 k - 4 scrolls of fog
 o - 6 scrolls of fear
 p - 3 scrolls of blinking
 t - 6 scrolls of teleportation {@r4}
 x - 2 scrolls of magic mapping
 Z - 2 scrolls of butterflies
Potions
 d - 4 potions of attraction {!q}
 g - 5 potions of curing {@q1}
 h - 5 potions of heal wounds {@q2}
 m - 2 potions of degeneration {unknown}
 r - 3 potions of haste {@q3}
 s - a potion of might {unknown}
 v - 3 potions of flight
 w - 4 potions of lignification {!q}
 z - a potion of ambrosia {unknown}
 M - a potion of magic {unknown}
 N - a potion of cancellation {unknown}
 X - a potion of mutation {unknown}


   Skills:
 + Level 10.7 Fighting
 * Level 14.5 Axes
 + Level 5.5 Ranged Weapons
 + Level 6.7 Armour
 - Level 2.1 Dodging
 - Level 3.8 Shields
 + Level 6.5 Evocations


You had 10 spell levels left.
You didn't know any spells.
Your spell library was empty.

Dungeon Overview and Level Annotations

Branches:
Dungeon (10/15)            Temple (0/1) D:5            Lair (1/5) D:8
Ossuary (visited)
    Orc: D:9-12

Altars:
Ashenzari
Elyvilon
Fedhas
Sif Muna
Trog
Xom
The Shining One

Shops:
D:3 ?   D:5 =   D:6 *   D:10 =[[*?

Annotations:
D:6 1 runed translucent door, jimonade's ghost, novice FoHu
D:9 2 transporters, ASSMAN's ghost, novice MiBe


Innate Abilities, Weirdness & Mutations

You have a pair of horns on your head.
You reflexively headbutt those who attack you in melee.


Message History

The wolf bites you.
You block the eight-headed hydra's attack.
The eight-headed hydra bites you but does no damage. x2
The eight-headed hydra bites you!
* * * LOW HITPOINT WARNING * * *
The eight-headed hydra barely misses you.
The eight-headed hydra bites you but does no damage. x2
You block the eight-headed hydra's attack.
Unknown command.
You feel the dreadful sensation subside.
W - a +2 heavy flail (weapon)
You feel a strong urge to attack something.
The bullfrog gives a loud, deep croak!
The wolf bites you but does no damage. x2
You sock the eight-headed hydra! The wolf bites you.
* * * LOW HITPOINT WARNING * * *
The eight-headed hydra bites you!
* * * LOW HITPOINT WARNING * * *
You block the eight-headed hydra's attack.
The eight-headed hydra bites you!
* * * LOW HITPOINT WARNING * * *
The eight-headed hydra bites you!
* * * LOW HITPOINT WARNING * * *
The eight-headed hydra bites you!
* * * LOW HITPOINT WARNING * * *
The eight-headed hydra bites you but does no damage. x3
The wolf barely misses you. x2; You furiously retaliate!
You headbutt the wolf! The wolf bites you.
* * * LOW HITPOINT WARNING * * *
You sock the eight-headed hydra! You headbutt the eight-headed hydra!!
The wolf closely misses you. You furiously retaliate!
You headbutt the wolf!
You kill the wolf!
Trog accepts your kill. You block the wolf's attack. The wolf bites you.
* * * LOW HITPOINT WARNING * * *
The eight-headed hydra bites you.
* * * LOW HITPOINT WARNING * * *
The eight-headed hydra barely misses you.
The eight-headed hydra bites you but does no damage. x2
The eight-headed hydra bites you.
* * * LOW HITPOINT WARNING * * *
The eight-headed hydra bites you!
* * * LOW HITPOINT WARNING * * *
The eight-headed hydra bites you but does no damage. x2
Unknown command.
You bludgeon the eight-headed hydra!!
You kill the eight-headed hydra!
Trog accepts your kill. The wolf bites you.
You die...

...# ....... >..#......#
...#..... #. .# ....#..
+ #..#.. ..F.. .#
#..#... ### #.h.#..#
.....# ##.###†hh.#.#
####...###...###@h..#.P
.....................+
..8.....8..8..8.....8#
........................
.......#.#...###...##...
...#....##.### #..... ..
#..##..!#### ...#... .
#...#†...# ........
#....†#....8. .#.###+


You could see 4 wolves and a bullfrog.

Vanquished Creatures
  A hydra (Lair:1)
  Harold (D:9)
  2 two-headed ogres (D:10)
  Maggie (D:6)
  A rime drake (D:9)
  2 trolls
  Sigmund (D:6)
  8 yaks
  2 wyverns
  2 wraiths
  Eustachio (D:6)
  A basilisk (Lair:1)
  Menkaure (D:6)
  An acid dragon (D:10)
  5 water moccasins
  2 orc warriors
  2 sky beasts
  3 black bears
  2 ice beasts
  4 ogres
  A wolf (Lair:1)
  5 centaurs
  3 phantoms
  2 kobold brigands (D:8)
  3 bullfrogs
  A gnoll sergeant (D:9)
  3 scorpions
  2 necrophages (D:6)
  17 wights
  17 killer bees
  5 howler monkeys
  A jelly (D:6)
  4 hounds
  8 orc priests
  6 iguanas
  8 orc wizards
  A mummy (Ossuary)
  8 gnolls
  11 adders
  3 white imps
  A worm (D:3)
  3 dart slugs
  26 orcs
  3 ball pythons
  A bat (D:2)
  5 endoplasms
  6 giant cockroaches
  7 goblins
  6 hobgoblins
  9 jackals
  2 quokkas
  3 frilled lizards
  5 gnoll skeletons (Ossuary)
  17 kobolds
  8 kobold skeletons (Ossuary)
  12 orc skeletons (Ossuary)
  2 rats (D:2)
268 creatures vanquished.

Vanquished Creatures (collateral kills)
  2 orcs
2 creatures vanquished.

Vanquished Creatures (others)
  A ball python (D:3)
1 creature vanquished.

Grand Total: 271 creatures vanquished

Notes
Turn   | Place    | Note
-------+----------+-------------------------------------------
     0 | D:1      | Pooter the Minotaur Berserker began the quest for the Orb.
     0 | D:1      | Reached XP level 1. HP: 19/19 MP: 0/0
   214 | D:1      | Reached skill level 4 in Axes
   218 | D:1      | Reached XP level 2. HP: 26/27 MP: 1/1
   741 | D:2      | Found a faded altar of an unknown god.
   753 | D:2      | Reached XP level 3. HP: 30/33 MP: 2/2
   799 | D:2      | Reached skill level 5 in Axes
   862 | D:2      | Noticed a scorpion
   869 | D:2      | Killed a scorpion
   870 | D:2      | Reached XP level 4. HP: 41/41 MP: 3/3
   949 | D:2      | Reached ** piety under Trog
  1094 | D:2      | You fall into a shaft and drop 1 floor!
  1097 | D:3      | Found Festrute's Magic Scroll Emporium.
  1130 | D:3      | Bought a scroll of identify for 20 gold pieces
  1316 | D:3      | Reached skill level 6 in Axes
  1465 | D:3      | Reached XP level 5. HP: 47/47 MP: 4/4
  1486 | D:3      | Bought a scroll of fog for 40 gold pieces
  1506 | D:3      | Reached skill level 5 in Fighting
  1540 | D:3      | Found a white marble altar of Elyvilon.
  1651 | D:3      | Found a blossoming altar of Fedhas.
  1651 | D:3      | Found a bloodstained altar of Trog.
  1854 | D:3      | Bought a scroll of blinking for 75 gold pieces
  2124 | D:4      | Reached skill level 7 in Axes
  2124 | D:4      | Reached XP level 6. HP: 56/56 MP: 5/5
  2476 | D:4      | Reached skill level 8 in Axes
  2476 | D:4      | Reached XP level 7. HP: 63/63 MP: 6/6
  2725 | D:5      | Entered Level 5 of the Dungeon
  2725 | D:5      | Found Cout's Jewellery Boutique.
  2797 | D:3      | Bought a scroll of teleportation for 30 gold pieces
  2853 | D:5      | Reached skill level 1 in Evocations
  3142 | D:5      | Found a staircase to the Ecumenical Temple.
  3164 | D:5      | Reached skill level 9 in Axes
  3764 | D:5      | Reached XP level 8. HP: 54/73 MP: 7/7
  3960 | D:5      | Found a glowing golden altar of the Shining One.
  3960 | D:5      | Found a faded altar of an unknown god.
  3966 | D:5      | Found a broken altar of Ashenzari.
  3968 | D:5      | Found a shimmering blue altar of Sif Muna.
  3970 | D:5      | Found a faded altar of an unknown god.
  4185 | D:6      | Noticed Sigmund
  4217 | D:6      | Killed Sigmund
  4218 | D:6      | Reached skill level 10 in Axes
  4318 | D:6      | Reached skill level 1 in Shields
  4375 | D:6      | Identified a scroll of acquirement
  4376 | D:6      | Acquired the ring "Setaan Harch" {rElec rPois rF+ Will+}
  4395 | D:6      | Reached skill level 11 in Axes
  4395 | D:6      | Reached XP level 9. HP: 81/81 MP: 8/8
  4609 | D:6      | Reached *** piety under Trog
  4657 | D:6      | Noticed Eustachio
  4661 | D:6      | Killed Eustachio
  4684 | D:6      | Noticed Maggie
  4694 | D:6      | Killed Maggie
  4745 | D:6      | Upgraded the game from 0.30-a0-726-gd89dcf765f to
                  | 0.30-a0-728-gc68057be0a
  4802 | D:6      | Noticed Menkaure
  4808 | D:6      | Killed Menkaure
  5076 | D:6      | Found a runed translucent door.
  5077 | D:6      | Found a shimmering altar of Xom.
  5077 | D:6      | Noticed jimonade's ghost (novice FoHu)
  5077 | D:6      | Noticed a +0 war axe of chaos
  5197 | D:6      | Found Mett's Assorted Antiques.
  5200 | D:6      | Bought a scroll labelled TATUTE VUROFEQ for 26 gold pieces
  5200 | D:6      | Bought a sedimented black potion for 23 gold pieces
  5200 | D:6      | Bought a golden potion for 23 gold pieces
  5200 | D:6      | Bought a scroll labelled SIUTIS HEBBU for 26 gold pieces
  5360 | D:6      | Reached skill level 1 in Ranged Weapons
  5652 | D:7      | Reached skill level 12 in Axes
  5990 | D:7      | Reached XP level 10. HP: 91/91 MP: 9/9
  6081 | D:7      | Reached skill level 5 in Evocations
  6877 | D:8      | Found a sand-covered staircase.
  6890 | D:8      | Reached skill level 13 in Axes
  6939 | Ossuary  | Entered an ossuary
  6997 | Ossuary  | Reached **** piety under Trog
  6998 | Ossuary  | Reached skill level 5 in Armour
  7228 | D:8      | Acquired a +1 vampiric battleaxe
  7502 | D:8      | Found a staircase to the Lair.
  7989 | D:9      | Reached skill level 10 in Fighting
  8045 | D:9      | Identified the +1 short sword "Ireoj" {flame, Int+3}
  8061 | D:9      | Identified the +6 whip of the Thirsty Visions {freeze, rC+}
  8320 | D:9      | Noticed a deep elf pyromancer
  8322 | D:9      | Noticed a two-headed ogre
  8323 | D:9      | Noticed a two-headed ogre
  8323 | D:9      | Noticed ASSMAN's ghost (novice MiBe)
  8326 | D:9      | Found a transporter.
  8334 | D:9      | Noticed a centaur warrior
  8340 | D:9      | Noticed Maurice
  8341 | D:9      | Maurice changed into Maurice the rime drake
  8341 | D:9      | Noticed Maurice
  8345 | D:9      | Killed Maurice the rime drake
  8529 | D:9      | Noticed Harold
  8539 | D:9      | Killed Harold
  8540 | D:9      | Reached XP level 11. HP: 100/100 MP: 10/10
  8632 | D:9      | Reached skill level 14 in Axes
  8688 | D:9      | Found a transporter.
  8803 | D:10     | Entered Level 10 of the Dungeon
  8854 | D:10     | Found Vual's Antique Armour Shop.
  8869 | D:10     | Found Otzu's General Store.
  9086 | D:10     | Found Gacikkusch's Jewellery Emporium.
  9160 | D:10     | Noticed a two-headed ogre
  9168 | D:10     | Killed a two-headed ogre
  9169 | D:10     | Reached skill level 5 in Ranged Weapons
  9412 | D:10     | Found Fuothrua's Armour Emporium.
  9597 | D:10     | Found Niddauxouth's Magic Scroll Emporium.
  9610 | D:10     | Noticed a two-headed ogre
  9615 | D:10     | Killed a two-headed ogre
  9970 | Lair:1   | Entered Level 1 of the Lair of Beasts
 10042 | Lair:1   | Noticed a seven-headed hydra
 10049 | Lair:1   | HP: 1/151 [eight-headed hydra (12)]
 10050 | Lair:1   | Killed an eight-headed hydra
 10050 | Lair:1   | Slain by a wolf

Illustrated notes

Levels and vault maps discovered:
D:1:      evilmike_arrival_crescent, layout_loops_cross,
          chequers_serial_rivers_large_b
D:2:      layout_rooms, ebering_ecumenical_altar_sacrificial
D:3:      wander_river, layout_rooms, elyvilon_altar_4, jmf_multi_god_temple,
          serial_shops, shop, minivault_25
D:4:      layout_cave_pools
D:5:      layout_basic, chequers_temple_overflow_minitemple,
          minmay_temple_entry_glass, nicolae_stop_n_shop_2
D:6:      layout_loops_ring, serial_shops, nicolae_shop_behind_doors,
          ebering_ghost_xom, kennysheep_cross_room, grunt_decor_resistance,
          minmay_joined_circles, uniq_eustachio, uniq_menkaure, uniq_sigmund,
          uniq_maggie
D:7:      layout_basic
D:8:      layout_basic, lair_entry_dummy, nicolae_ossuary_entry_plus
D:9:      layout_roguey, gammafunk_ghost_arena, uniq_harold, uniq_maurice
D:10:     layout_irregular_city, serial_shops, nicolae_shop_crystal, shop,
          nicolae_lakefront_shop, nicolae_take_the_stairs, nicolae_shop_stone
Lair:1:   layout_regular_city, gammafunk_ghost_icy, grunt_megastairs_5

Skill      XL: |  1  2  3  4  5  6  7  8  9 10 11 |
---------------+----------------------------------+-----
Axes           | 4 5 6 7 8 9 11 12 13 14 | 14.5
Fighting       | 4 5 6 7 8 9 10 | 10.7
Evocations     | 2 3 4 6 |  6.5
Shields        | 2 3 |  3.8
Ranged Weapons | 2 4 5 |  5.5
Armour         | 3 6 |  6.7
Dodging        | |  2.1

Action                     |  1- 3 |  4- 6 |  7- 9 | 10-12 || total
---------------------------+-------+-------+-------+-------++-------
  Melee: Hand axe          |    46 |   101 |   115 |       ||   262
         Headbutt          |     6 |    14 |    33 |    58 ||   111
         Trident           |       |       |    11 |       ||    11
         Punch             |       |       |     2 |       ||     2
         War axe           |       |       |    80 |   115 ||   195
         Battleaxe         |       |       |       |   113 ||   113
         Flail             |       |       |       |    31 ||    31
   Fire: Sling             |       |    10 |    14 |     3 ||    27
         Shortbow          |       |       |       |    10 ||    10
  Throw: Dart              |     2 |     3 |    15 |     4 ||    24
         Boomerang         |       |       |     1 |     5 ||     6
 Invoke: Berserk           |     2 |     4 |    13 |     7 ||    26
         Trog's Hand       |       |     1 |     6 |     3 ||    10
  Evoke: Wand              |       |       |    13 |     1 ||    14
    Use: Scroll            |       |     1 |     8 |    16 ||    25
 Armour: Animal skin       |     5 |       |       |       ||     5
         Ring mail         |     3 |    33 |       |       ||    36
         Plate armour      |       |    13 |   110 |   155 ||   278
         Skin              |       |       |     3 |       ||     3
  Dodge: Dodged            |    23 |    76 |    32 |    69 ||   200
  Block: Tower shield      |       |       |    94 |    57 ||   151
         Other             |       |       |       |    35 ||    35

Table legend: (Time is in decaauts)
 A = Elapsed time spent in this place.
 B = Non-inter-level travel time spent in this place.
 C = Inter-level travel time spent in this place.
 D = Time resting spent in this place.
 E = Time spent auto-exploring this place.
 F = Levels seen in this place.
 G = Mean time per level.
                   A        B        C        D        E       F      G
               +--------+--------+--------+--------+--------+-----+--------+
         Total |  10417 |  10036 |    381 |   2642 |   5548 |  12 |  868.1 |
       Dungeon |  10110 |   9729 |    381 |   2640 |   5365 |  10 | 1011.0 |
          Lair |     78 |     78 |      0 |      0 |     50 |   1 |   78.0 |
       Ossuary |    228 |    228 |      0 |      2 |    133 |   1 |  228.0 |
               +--------+--------+--------+--------+--------+-----+--------+

Top non-repeatable levels by time:
     D:6: 1604 daAuts
     D:5: 1340 daAuts
     D:7: 1222 daAuts
    D:10: 1111 daAuts
     D:8: 1025 daAuts
     D:9: 918 daAuts
     D:3: 837 daAuts
     D:1: 772 daAuts
     D:4: 694 daAuts
     D:2: 583 daAuts
 Ossuary: 228 daAuts
  Lair:1: 78 daAuts
